 Dungeon Crawl Stone Soup version 0.30-a0-377-g5cb311bc9f (webtiles) character file.

Game seed: 10188942490151703842

1094 Hubris850 the Changer (level 8, -1/64 HPs)
             Began as a Merfolk Transmuter on Nov 28, 2022.
             Was a Believer of Ru.
             Slain by a yak (13 damage)
             ... on level 6 of the Dungeon.
             The game lasted 00:18:03 (5603 turns).

Hubris850 the Changer (Merfolk Transmuter)          Turns: 5603, Time: 00:18:04

Health: -1/64      AC:  7    Str: 10    XL:     8   Next: 31%
Magic:  13/15      EV: 11    Int: 15    God:    Ru [**....]
Gold:   149        SH:  0    Dex: 14    Spells: 11/16 levels left

rFire   x . .      SeeInvis .      - Unarmed
rCold   + + +      Faith    +    (shield currently unavailable)
rNeg    . . .      Spirit   .    (body armour currently unavailable)
rPois   +          Reflect  .    (helmet currently unavailable)
rElec   .          Harm     .    (cloak currently unavailable)
rCorr   .          Rampage  .    (gloves currently unavailable)
Will    .....                    (boots currently unavailable)
Stlth   +.........               q - amulet of faith
HPRegen 0.30/turn                t - ring of flight
MPRegen 0.14/turn                (no ring)

@: ice-form, flying
A: freezing attack, boosted hp, large, inability to use devices, (nimble swimmer
2), (mertail)
a: End Transformation, Renounce Religion


You were on level 6 of the Dungeon.
You worshipped Ru.
Ru was pleased with you.
You were a creature of crystalline ice.
You visited 2 branches of the dungeon, and saw 7 of its levels.

You collected 241 gold pieces.
You spent 92 gold pieces at shops.

Inventory:

Hand Weapons
 i - a +0 dagger
 n - a +0 short sword
 s - a +1 short sword of speed
Missiles
 u - a javelin (quivered)
 E - 4 poisoned darts
Armour
 a - a +0 robe
 j - a +0 leather armour
 x - a +1 cloak (melded)
 y - a +0 kite shield
 z - a +0 helmet (melded)
 D - a +2 robe of willpower (melded)
Magical Staves
 w - a staff of conjuration
Jewellery
 f - an amulet of guardian spirit
 q - an amulet of faith (around neck)
 t - a ring of flight (left front paw)
 B - the ring "Habuon" {rF+ rCorr Str+5 Int-5 Stlth+}
   (You found it on level 4 of the Dungeon)

   [ring of resist corrosion]

   Str:       It affects your strength (+5).
   Int:       It affects your intelligence (-5).
   rF:        It protects you from fire.
   rCorr:     It protects you from acid and corrosion.
   Stlth:     It makes you more stealthy.
 C - an amulet of the acrobat
Scrolls
 e - 5 scrolls of identify {unknown}
 g - 3 scrolls of noise {unknown}
 h - 2 scrolls of teleportation {unknown}
 l - 3 scrolls of magic mapping {unknown}
 m - 4 scrolls of immolation {unknown}
 o - 2 scrolls of amnesia {unknown}
 v - a scroll of butterflies {unknown}
Potions
 b - 4 potions of lignification
 c - 7 potions of curing
 d - 2 potions of brilliance {unknown}
 k - a potion of degeneration {unknown}
 p - 3 potions of berserk rage {unknown}
 r - a potion of flight {unknown}


   Skills:
 - Level 1.1 Fighting
 - Level 3.3 Dodging
 - Level 6.0 Unarmed Combat
 + Level 4.6 Spellcasting
 + Level 6.7 Transmutations
 + Level 4.9 Ice Magic


You had 11 spell levels left.
You knew the following spells:

 Your Spells              Type           Power      Damage    Failure   Level
a - Beastly Appendage     Tmut           46%        N/A       1%          1
b - Ice Form              Ice/Tmut       21%        N/A       16%         4

Your spell library contained the following spells:

 Spells                   Type           Power      Damage    Failure   Level
 Wereblood                Tmut           23%        N/A       1%          2
 Passwall                 Tmut/Erth      10%        N/A       6%          2
 Ensorcelled Hibernation  Hex/Ice        20%        N/A       10%         2
 Spider Form              Tmut/Pois      13%        N/A       13%         3
 Swiftness                Air            3%         N/A       45%         3


Dungeon Overview and Level Annotations

Branches:
Dungeon (6/15)             Temple (1/1) D:4

Altars:
Cheibriados
Dithmenos
Elyvilon
Kikubaaqudgha
Makhleb
Nemelex Xobeh
Qazlal
Ru
Trog
Vehumet
Wu Jian

Shops:
D:5 **


Innate Abilities, Weirdness & Mutations

You are a creature of crystalline ice.
You have a powerful freezing melee attack.
Your maximum health is increased.
Your armour is entirely melded.
You are incapable of wielding weapons or throwing items.
You cannot study or use magical devices.
((You are very nimble when in or above water. (Stealth+, EV+, Speed+++)))
((Your lower body shifts to a powerful aquatic tail in water.))


Message History

You hit the yak. You freeze the yak.
The yak is lightly wounded.
The yak is stunned by your conviction and fails to attack.
You hit the yak but do no damage.
The yak is lightly wounded.
The yak snorts and paws the ground.
The yak closely misses you.
You punch the yak! You freeze the yak.
The yak is heavily wounded.
The yak gores you but does no damage.
You hit the yak. You freeze the yak.
The yak is heavily wounded.
The yak gores you!
You hit the yak but do no damage.
The yak is heavily wounded.
You redirect the yak's attack!
The yak gores the yak!
You punch the yak! You freeze the yak.
The yak is almost dead.
The yak closely misses you.
You hit the yak but do no damage. The yak gores you!
You hit the yak but do no damage. The yak gores you.
The yak gores you but does no damage.
An iguana comes into view.
You hit the yak. You freeze the yak.
The yak is lightly wounded.
You hit the yak but do no damage.
The yak is lightly wounded.
The yak gores you but does no damage. The yak gores you!
You hit the yak. You freeze the yak.
The yak is moderately wounded.
The yak gores you! x2
* * * LOW HITPOINT WARNING * * *
You hit the yak. You freeze the yak.
The yak is heavily wounded.
The yak gores you but does no damage. x2
You hit the yak but do no damage.
The yak is heavily wounded.
The yak gores you!
You die...

#....##.## #....#P.P#
....... #.......#
....... ##../.# #.......
#####...#.## ##....l...
#.....###..####.........
#.##### ##...##.#YY.....
..# ###..#Y#YS.....
##### ##.$.Y# ....##
#?...#.# .....##
#.####... .>....# #.
###... ......# . ###..
......####. #
........... ......####
......######


You could see 4 yaks, an iguana and an adder.

Vanquished Creatures
  3 black bears
  A centaur (D:5)
  A phantom (D:5)
  3 scorpions (D:5)
  4 killer bees (D:5)
  2 orc priests (D:5)
  A hound (D:4)
  A jelly (D:6)
  An iguana (D:4)
  Robin (D:4)
  8 adders
  2 worms (D:2)
  3 dart slugs
  6 orcs
  A ball python (D:1)
  7 bats
  3 bat zombies (D:4)
  3 endoplasms
  2 giant cockroaches
  21 goblins
  8 hobgoblins
  4 jackals
  4 kobolds
  6 quokkas
  5 frilled lizards
  6 rats
107 creatures vanquished.

Vanquished Creatures (others)
  4 fungi (D:3)
  5 plants
9 creatures vanquished.

Grand Total: 116 creatures vanquished

Notes
Turn   | Place    | Note
-------+----------+-------------------------------------------
     0 | D:1      | Hubris850 the Merfolk Transmuter began the quest for the
                  | Orb.
     0 | D:1      | Reached XP level 1. HP: 15/15 MP: 3/3
   212 | D:1      | Reached XP level 2. HP: 20/21 MP: 5/5
  1055 | D:2      | Reached XP level 3. HP: 20/26 MP: 6/6
  1644 | D:2      | Found a radiant altar of Vehumet.
  1757 | D:3      | Reached skill level 5 in Unarmed Combat
  1757 | D:3      | Reached XP level 4. HP: 32/32 MP: 7/7
  1889 | D:3      | Found a faded altar of an unknown god.
  2367 | D:3      | Found a stormy altar of Qazlal.
  2458 | D:4      | Found an ancient bone altar of Kikubaaqudgha.
  2517 | D:4      | Reached XP level 5. HP: 18/37 MP: 6/8
  2853 | D:4      | Noticed Robin
  2881 | D:4      | Killed Robin
  3039 | D:4      | Noticed a black bear
  3052 | D:4      | Killed a black bear
  3053 | D:4      | Reached skill level 1 in Ice Magic
  3053 | D:4      | Reached XP level 6. HP: 36/43 MP: 4/9
  3310 | D:4      | Identified the ring "Habuon" {rF+ rCorr Str+5 Int-5 Stlth+}
  3375 | D:4      | Found a staircase to the Ecumenical Temple.
  3381 | Temple   | Entered the Ecumenical Temple
  3410 | Temple   | Became a worshipper of Ru the Awakened
  3486 | D:4      | Learned a level 4 spell: Ice Form
  3585 | D:5      | Entered Level 5 of the Dungeon
  3680 | D:5      | Found a shadowy altar of Dithmenos.
  3795 | D:5      | Reached XP level 7. HP: 47/48 MP: 9/11
  3938 | D:5      | Found a bloodstained altar of Trog.
  3962 | D:5      | Reached skill level 5 in Transmutations
  4616 | D:5      | Found Cutov's Assorted Antiques.
  4623 | D:5      | Bought an embroidered robe for 92 gold pieces
  4817 | D:5      | Reached XP level 8. HP: 27/54 MP: 10/14
  4998 | D:5      | Found Sicwaj's Assorted Antiques.
  5575 | D:6      | Gained mutation: You cannot study or use magical devices.
                  | [Ru sacrifice]
  5575 | D:6      | Reached * piety under Ru
  5575 | D:6      | Reached ** piety under Ru
  5586 | D:6      | Noticed a yak
  5587 | D:6      | Noticed a yak
  5587 | D:6      | Noticed a yak
  5587 | D:6      | Noticed a yak
  5603 | D:6      | Slain by a yak

Illustrated notes

Levels and vault maps discovered:
D:1:      elethiomel_arrival_shortcut, layout_basic, minmay_misc_feat_square
D:2:      layout_basic, basic_altar, serial_bayou_lagoon_b
D:3:      layout_basic, mainiacjoe_overflow_catwalk,
          shapermc_ecumenical_altar_mp_ritualfount, kennysheep_generic_room_2
D:4:      layout_basic, lemuel_zombie_altar_kikubaaqudgha,
          minmay_temple_entry_enclosed_plants, minmay_misc_feat_tower,
          minmay_increasing_density, uniq_robin
D:5:      layout_layer_cave, mainiacjoe_overflow_24_doors, trog_ov_bears_minmay,
          serial_shops, nicolae_shop_statue_plus,
          nicolae_shop_temple_entry_statues_fountains
D:6:      layout_rooms, dancing_weapons_uskayaw, fedhas_altar_decomposition
Temple:   hellmonk_temple_forest_ring

Skill      XL: |  1  2  3  4  5  6  7 |
---------------+----------------------+-----
Dodging        | 3 |  3.3
Unarmed Combat | 4 5 6 |  6.0
Transmutations | 3 4 6 |  6.7
Ice Magic      | 1 3 4 |  4.9
Spellcasting   | 3 4 |  4.6
Fighting       | |  1.1

Action                   |  1- 3 |  4- 6 |  7- 9 || total
-------------------------+-------+-------+-------++-------
Melee: Unarmed           |    21 |   147 |    78 ||   246
       Dagger            |    34 |       |       ||    34
       Short sword       |   133 |    83 |       ||   216
       Punch             |     8 |     6 |       ||    14
       Tailslap          |     2 |       |       ||     2
       Headbutt          |       |       |     7 ||     7
Throw: Javelin           |       |     2 |     3 ||     5
 Cast: Ice Form          |       |       |     5 ||     5
       Beastly Appendage |       |       |     2 ||     2
Invok: Sacrifice Artific |       |       |     1 ||     1
Evoke: Wand              |       |     1 |       ||     1
  Use: Potion            |       |     2 |     1 ||     3
 Stab: Sleeping          |     4 |     1 |       ||     5
Armor: Robe              |     3 |       |     1 ||     4
       Leather armour    |    41 |    40 |     6 ||    87
       Skin              |       |    28 |    20 ||    48
Dodge: Dodged            |    97 |   111 |    52 ||   260

Table legend: (Time is in decaauts)
 A = Elapsed time spent in this place.
 B = Non-inter-level travel time spent in this place.
 C = Inter-level travel time spent in this place.
 D = Time resting spent in this place.
 E = Time spent auto-exploring this place.
 F = Levels seen in this place.
 G = Mean time per level.
                   A        B        C        D        E       F      G
               +--------+--------+--------+--------+--------+-----+--------+
         Total |   5525 |   5389 |    136 |    663 |   3709 |   7 |  789.3 |
       Dungeon |   5481 |   5359 |    122 |    663 |   3691 |   6 |  913.5 |
        Temple |     43 |     29 |     14 |      0 |     18 |   1 |   43.0 |
               +--------+--------+--------+--------+--------+-----+--------+

Top non-repeatable levels by time:
     D:5: 1926 daAuts
     D:4: 1086 daAuts
     D:1: 892 daAuts
     D:2: 822 daAuts
     D:3: 672 daAuts
     D:6: 81 daAuts
  Temple: 43 daAuts
